 Dungeon Crawl Stone Soup version 0.30-a0-1103-g25895a7845 (webtiles) character file.

Game seed: 7690067969639068990

144 demibob the Insei (level 5, -2/41 HPs)
             Began as a Demonspawn Chaos Knight on Apr 18, 2023.
             Was a Plaything of Xom.
             Slain by a sleepcap (19 damage)
             ... on level 4 of the Dungeon.
             The game lasted 00:02:29 (2478 turns).

demibob the Insei (Demonspawn Chaos Knight)         Turns: 2478, Time: 00:02:31

Health: -2/41      AC: 10    Str: 12    XL:     5   Next: 5%
Magic:  5/5        EV:  2    Int: 16    God:    Xom [....*.]
Gold:   101        SH:  0    Dex: 12    Spells: 4/4 levels left

rFire   . . .      SeeInvis .      - Unarmed
rCold   . . .      Faith    .    (no shield)
rNeg    . . .      Spirit   .    a - +3 leather armour
rPois   .          Reflect  .    (no helmet)
rElec   .          Rampage  .    (no cloak)
rCorr   .                        (no gloves)
Will    .....                    (no boots)
Stlth   +                        (no amulet)
HPRegen 0.26/turn                (no ring)
MPRegen 0.09/turn                (no ring)

@: sleeping
A: icemail 1, powered by death 1, condensation shield
a: Renounce Religion


You were on level 4 of the Dungeon.
You worshipped Xom.
You were a beloved toy of Xom.
You visited 1 branch of the dungeon, and saw 4 of its levels.

You collected 101 gold pieces.


Innate Abilities, Weirdness & Mutations

A meltable icy envelope protects you from harm. (AC +4)
You regenerate a little health from kills.
A meltable shield of frost defends you. (SH +4)


   Skills:
 - Level 3.0 Fighting
 - Level 1.7 Armour
 - Level 0.8 Dodging
 + Level 5.3 Unarmed Combat


You had 4 spell levels left.
You didn't know any spells.
Your spell library contained the following spells:

 Spells                   Type           Power      Damage    Failure   Level
 Ensorcelled Hibernation  Hex/Ice        0%         N/A       43%         2
 Spider Form              Tmut/Pois      0%         N/A       67%         3
 Anguish                  Hex/Necr       0%         N/A       97%         4

Inventory:

Armour
 a - a +3 leather armour (worn)
Magical Staves
 k - a staff of cold {!a}
Scrolls
 c - a scroll of enchant weapon
 f - a scroll of vulnerability
 m - 2 scrolls of teleportation {@r2}
Potions
 d - 2 potions of invisibility
 g - a potion of flight
 i - 3 potions of haste {@q3}
 l - a potion of curing {unknown}
Miscellaneous
 b - a piece from Xom's chessboard (15/15) (quivered)

Dungeon Overview and Level Annotations

Branches:
Dungeon (4/15)
 Temple: D:4-7

Altars:
Xom

#.# #.# #.#
#.# #.# #.#
#f# #@# #.#
#.###########
#...........#
###########.#
#.# #.######
#.......
#.######


You could see a sleepcap.


Message History

The sleepcap releases spores at you.
You are engulfed in a cloud of soporific spores!
You fall asleep.
The sleepcap releases spores at you!
You wake up.
You are engulfed in a cloud of soporific spores!
You are unaffected.
You hit the sleepcap.
The sleepcap is moderately damaged.
The sleepcap closely misses you.
You hit the sleepcap but do no damage.
The sleepcap is moderately damaged.
The sleepcap releases spores at you.
You are engulfed in a cloud of soporific spores!
You are unaffected.
You hit the sleepcap but do no damage.
The sleepcap is moderately damaged.
The sleepcap releases spores at you but does no damage.
You completely miss the sleepcap.
The sleepcap is moderately damaged.
The sleepcap releases spores at you but does no damage.
You hit the sleepcap but do no damage.
The sleepcap is moderately damaged.
The sleepcap releases spores at you!
* * * LOW HITPOINT WARNING * * *
You are engulfed in a cloud of soporific spores!
You fall asleep.
The sleepcap releases spores at you but does no damage.
The sleepcap releases spores at you!!
You die...
Xom howls with laughter!

Skill      XL: |  1  2  3  4 |
---------------+-------------+-----
Unarmed Combat | 3 4 5 |  5.3
Fighting       | |  3.0
Armour         | |  1.7
Dodging        | |  0.8

Action                     |  1- 3 |  4- 6 || total
---------------------------+-------+-------++-------
  Melee: Unarmed           |   172 |    72 ||   244
         Punch             |     3 |     1 ||     4
    Use: Scroll            |       |    11 ||    11
   Stab: Sleeping          |     2 |     1 ||     3
 Armour: Leather armour    |    88 |    21 ||   109
  Dodge: Dodged            |   119 |    21 ||   140
  Block: Other             |    11 |     9 ||    20

Levels and vault maps discovered:
D:1:      pf_arrival_petrified_forest, layout_basic, serial_aquarium,
          aquarium_bridge_straight [aquarium_subvault_bridge,
          aquarium_subvault_wall, aquarium_subvault_bridge,
          aquarium_subvault_balcony], aquarium_bridge_long_joined
          [aquarium_subvault_bridge, aquarium_subvault_wall,
          aquarium_subvault_bridge, aquarium_subvault_window,
          aquarium_subvault_wall, aquarium_subvault_bridge], aquarium_window_2,
          aquarium_window_corner, aquarium_window_fake, aquarium_view_2d,
          aquarium_view_2e, aquarium_balcony_3a
D:2:      layout_basic, uniq_natasha
D:3:      layout_basic, grunt_ministairs_8, nrook_mini_vaults,
          kennysheep_generic_room_15
D:4:      layout_basic, mainiacjoe_overflow_small_starburst,
          minmay_temple_entry_large_hall, uniq_duvessa, uniq_menkaure,
          uniq_crazy_yiuf_cottage

Notes
Turn   | Place    | Note
-------+----------+-------------------------------------------
     0 | D:1      | demibob the Demonspawn Chaos Knight began the quest for the
                  | Orb.
     0 | D:1      | Reached XP level 1. HP: 18/18 MP: 1/1
   121 | D:1      | Reached skill level 3 in Unarmed Combat
   347 | D:1      | XOM: divination: magic mapping
   469 | D:1      | XOM: potion effect (brilliance)
   475 | D:1      | Gained mutation: You regenerate a little health from kills.
                  | [demonic ancestry]
   475 | D:1      | Reached XP level 2. HP: 19/24 MP: 2/2
   660 | D:1      | XOM: silly message
   969 | D:2      | XOM: silly message
   972 | D:2      | Gained mutation: A meltable shield of frost defends you.
                  | (SH +4) [demonic ancestry]
   972 | D:2      | Reached XP level 3. HP: 29/29 MP: 3/3
  1052 | D:2      | Reached skill level 4 in Unarmed Combat
  1133 | D:2      | XOM: 5-stop teleportation journey
  1381 | D:2      | Gained mutation: A meltable icy envelope protects you from
                  | harm. (AC +4) [demonic ancestry]
  1381 | D:2      | Reached XP level 4. HP: 27/35 MP: 4/4
  1466 | D:2      | Noticed Natasha
  1472 | D:2      | Killed Natasha
  1541 | D:2      | Noticed Natasha
  1548 | D:2      | Killed Natasha
  1549 | D:2      | Reached skill level 5 in Unarmed Combat
  2146 | D:3      | Reached XP level 5. HP: 41/41 MP: 5/5
  2236 | D:3      | XOM: scenery: create altars
  2478 | D:4      | Slain by a sleepcap

Vanquished Creatures
  Natasha (twice) (D:2)
  4 adders
  2 worms (D:3)
  2 dart slugs
  9 bats
  3 endoplasms
  2 giant cockroaches (D:3)
  5 goblins
  5 hobgoblins
  8 jackals (D:2)
  2 quokkas
  A ball python (D:2)
  2 frilled lizards
  3 kobolds
  A rat (D:3)
51 creatures vanquished.

Table legend: (Time is in decaauts)
 A = Elapsed time spent in this place.
 B = Non-inter-level travel time spent in this place.
 C = Inter-level travel time spent in this place.
 D = Time resting spent in this place.
 E = Time spent auto-exploring this place.
 F = Levels seen in this place.
 G = Mean time per level.
                   A        B        C        D        E       F      G
               +--------+--------+--------+--------+--------+-----+--------+
         Total |   2467 |   2377 |     90 |    128 |   1827 |   4 |  616.8 |
       Dungeon |   2467 |   2377 |     90 |    128 |   1827 |   4 |  616.8 |
               +--------+--------+--------+--------+--------+-----+--------+

Top non-repeatable levels by time:
     D:2: 1017 daAuts
     D:1: 820 daAuts
     D:3: 564 daAuts
     D:4: 65 daAuts

Table legend:
 A = Non-vault XP
 B = Vault XP
 C = Vault XP percentage of total XP
 D = Non-vault monster count
 E = Vault monster count
 F = Vault count percentage of total count
                 A         B        C        D         E       F
            +---------+---------+-------+---------+---------+-------
      Total |     164 |      43 |  20.8 |      47 |       4 |   7.8
            +---------+---------+-------+---------+---------+-------
        D:1 |      24 |       0 |   0.0 |      12 |       0 |   0.0
        D:2 |     108 |      35 |  24.5 |      26 |       1 |   3.7
        D:3 |      32 |       8 |  20.0 |       9 |       3 |  25.0
            +---------+---------+-------+---------+---------+-------
